 Dungeon Sprint DCSS version 0.18-a0-1788-g92de1ac (webtiles) character file.

833 PunPun the Slicer (level 8, -10/57 HPs)
             Began as a Kobold Berserker on Apr 21, 2016.
             Was a High Priest of Trog.
             Killed from afar by Erica (32 damage)
             ... with an orb of energy
             ... in the Dungeon (Sprint IX: "|||||||||||||||||||||||||||||").
             The game lasted 00:01:25 (703 turns).

PunPun the Slicer (Kobold Berserker)                 Turns: 703, Time: 00:01:26

Health: -10/57     AC: 14    Str: 15    XL:     8   Next: 18%
Magic:  12/12      EV: 10    Int:  5    God:    Trog [*****.]
Gold:   0          SH:  0    Dex: 18    Spells: 0 memorised, 7 levels left

rFire  . . .     SeeInvis .     n - +2 rapier (distort)
rCold  . . .     Gourm    .     s - +0 plate armour
rNeg   . . .     Faith    .     (shield restricted)
rPois  .         Spirit   .     p - +0 helmet
rElec  .         Dismiss  .     (no cloak)
rCorr  .         Reflect  .     o - +0 pair of gloves
SustAt .         Harm     .     (no boots)
MR     .....     NoTele   +     (no amulet)
Stlth  ..........               (no ring)
                                (no ring)

@: confused, lethally poisoned (-10 -> -15), slowed, very slow, not resistant to
hostile enchantments, extremely unstealthy
A: carnivore 3
a: Berserk, Trog's Hand, Brothers in Arms, Burn Spellbooks, Renounce Religion


You were in the Dungeon.
You worshipped Trog.
Trog was extremely pleased with you.
You were completely stuffed.

You visited 1 branch

Inventory:

Hand Weapons
 a - a +0 short sword
 n - a +2 rapier of distortion (weapon)
Armour
 o - a +0 pair of gloves (worn)
 p - a +0 helmet (worn)
 s - a +0 plate armour (worn)
Jewellery
 q - a +2 ring of protection
 r - a +3 ring of intelligence
Wands
 m - a wand of lightning (7/15)
Scrolls
 i - 2 scrolls of blinking
 l - 3 scrolls of remove curse
Potions
 d - 5 potions of curing
 e - 3 potions of heal wounds
 f - a potion of haste
 g - 4 potions of magic
 h - a potion of berserk rage
 k - a potion of invisibility
Comestibles
 c - a meat ration
 j - a chunk of flesh


   Skills:
 + Level 9.8 Fighting
 + Level 12.3 Short Blades
 + Level 4.1 Armour
 + Level 7.6 Dodging
 * Level 9.8 Stealth
 * Level 5.8 Evocations


You had 7 spell levels left.
You didn't know any spells.

Dungeon Overview and Level Annotations

Branches:
Dungeon (1/1)

Altars:
Cheibriados
Dithmenos
Elyvilon
Fedhas
Gozag
Kikubaaqudgha
Makhleb
Nemelex Xobeh
Okawaru
Pakellas
Qazlal
Ru
Sif Muna
Trog
Vehumet
Xom
Yredelemnul
Zin
The Shining One
Beogh
Jiyva
Lugonu

Annotations:
D Erica


Innate Abilities, Weirdness & Mutations

You are small and have problems with some larger weapons.
You are carnivorous and can eat meat at any time.


Message History

You hear some strange, mumbled words.
You feel yourself slow down.
You hear some strange, mumbled words.
A bolt of poison appears from out of thin air!
The bolt of poison hits you!
You are poisoned.
Something completely misses you.
You hit something.
Space bends around something.
You feel sick.
You hit something but do no damage.
Space warps horribly around something!
You feel sick.
You hear some strange, mumbled words.
You are confused.
You're too confused to move!
You feel sick. Something hits you! Something burns you. Something hits you!
Something burns you.
You're too confused to move!
You feel sick.
You hear some strange, mumbled words.
An orb of energy appears from out of thin air!
The orb of energy hits you!
Ouch! That really hurt!
You die...

▓▓▓▓▓▓▓▓▓▓▓▓▓▓▓▓▓▓▓▓▓▓▓▓▓▓▓▓▓▓▓▓▓
'______________________'.).).'...
▓▓▓▓▓▓▓▓▓▓▓▓▓▓▓▓▓▓▓▓▓▓▓▓▓▓▓▓▓▓▓▓▓
................@.......
▓▓▓▓▓▓▓▓▓▓▓▓▓▓▓▓▓▓▓▓▓▓▓▓


There were no monsters in sight!

Vanquished Creatures
  A steam dragon (D)
  A hippogriff (D)
  A mottled dragon (D)
  2 centaurs (D)
  A quasit (D)
  2 hounds (D)
  2 worker ants (D)
  An adder (D)
  A dart slug (D)
  A giant cockroach (D)
  2 goblins (D)
  A quokka (D)
  A giant cockroach zombie (D)
  A rat (D)
18 creatures vanquished.

Vanquished Creatures (others)
  A wyvern (D)
  A killer bee (D)
2 creatures vanquished.

Grand Total: 20 creatures vanquished

Notes
Turn   | Place    | Note
--------------------------------------------------------------
     0 | D        | PunPun the Kobold Berserker began the quest for the Orb.
     0 | D        | Reached XP level 1. HP: 14/14 MP: 1/1
    16 | D        | Reached skill level 1 in Stealth
    20 | D        | Reached ** piety under Trog
    21 | D        | Reached XP level 2. HP: 9/20 MP: 2/2
   298 | D        | Noticed a centaur
   298 | D        | Noticed a centaur
   302 | D        | Reached *** piety under Trog
   302 | D        | Reached skill level 6 in Short Blades
   302 | D        | Reached XP level 3. HP: 25/25 MP: 3/3
   305 | D        | Reached skill level 5 in Fighting
   311 | D        | Killed a centaur
   311 | D        | Reached skill level 8 in Short Blades
   311 | D        | Reached skill level 5 in Stealth
   311 | D        | Reached XP level 4. HP: 32/32 MP: 4/4
   311 | D        | Reached XP level 5. HP: 37/37 MP: 5/5
   318 | D        | Killed a centaur
   318 | D        | Reached **** piety under Trog
   318 | D        | Reached skill level 9 in Short Blades
   318 | D        | Reached skill level 5 in Dodging
   318 | D        | Reached XP level 6. HP: 42/44 MP: 6/6
   427 | D        | Found a glowing silver altar of Zin.
   427 | D        | Found a glowing golden altar of the Shining One.
   427 | D        | Found an ancient bone altar of Kikubaaqudgha.
   427 | D        | Found a basalt altar of Yredelemnul.
   427 | D        | Found a shimmering altar of Xom.
   427 | D        | Found a radiant altar of Vehumet.
   428 | D        | Found an iron altar of Okawaru.
   429 | D        | Found a burning altar of Makhleb.
   430 | D        | Found a deep blue altar of Sif Muna.
   431 | D        | Found a bloodstained altar of Trog.
   432 | D        | Found a sparkling altar of Nemelex Xobeh.
   433 | D        | Found a white marble altar of Elyvilon.
   434 | D        | Found a roughly hewn altar of Beogh.
   435 | D        | Found a viscous altar of Jiyva.
   436 | D        | Found a corrupted altar of Lugonu.
   437 | D        | Found a blossoming altar of Fedhas.
   438 | D        | Found a snail-covered altar of Cheibriados.
   439 | D        | Found a shadowy altar of Dithmenos.
   440 | D        | Found a stormy altar of Qazlal.
   441 | D        | Found an opulent altar of Gozag.
   442 | D        | Found a sacrificial altar of Ru.
   443 | D        | Found an oddly glowing altar of Pakellas.
   497 | D        | Noticed a wyvern
   498 | D        | Reached skill level 1 in Evocations
   501 | D        | Banished a wyvern
   501 | D        | Reached skill level 10 in Short Blades
   506 | D        | Reached XP level 7. HP: 50/50 MP: 6/9
   569 | D        | Noticed a mottled dragon
   569 | D        | Noticed a troll
   569 | D        | Noticed a hippogriff
   569 | D        | Noticed a steam dragon
   570 | D        | Reached ***** piety under Trog
   570 | D        | Reached skill level 11 in Short Blades
   575 | D        | Killed a steam dragon
   580 | D        | Killed a hippogriff
   580 | D        | Reached skill level 5 in Evocations
   580 | D        | Reached XP level 8. HP: 56/56 MP: 9/12
   589 | D        | Reached skill level 12 in Short Blades
   695 | D        | Noticed Erica
   703 | D        | Killed from afar by Erica

Vault maps used:
D:        linesprint

Skill      XL: |  1  2  3  4  5  6  7  8 |
---------------+-------------------------+-----
Stealth        | 1 3 5 7 8 9 |  9.8
Fighting       | 4 6 7 8 9 |  9.8
Short Blades   | 6 8 9 10 11 12 | 12.3
Armour         | 2 3 4 |  4.1
Dodging        | 3 4 5 6 7 |  7.6
Evocations     | 3 5 |  5.8

Action                   |  1- 3 |  4- 6 |  7- 9 || total
-------------------------+-------+-------+-------++-------
Melee: Short sword       |    30 |     5 |       ||    35
       Rapier            |       |     8 |    23 ||    31
Invok: Berserk           |     1 |     1 |     1 ||     3
 Stab: Sleeping          |     1 |       |       ||     1
  Eat: Chunk             |     3 |     5 |     3 ||    11
Armor: Animal skin       |     4 |       |       ||     4
       Plate armour      |       |     4 |     8 ||    12
Dodge: Dodged            |    16 |     2 |     9 ||    27
